 Dungeon Crawl Stone Soup version 0.19.0-19-g8c6edcc (webtiles) character file.

1208 KarmaPolice the Charmwright (level 8, -2/61 HPs)
             Began as a Vampire Skald on Nov 13, 2016.
             Was a Follower of Kikubaaqudgha.
             Slain by a centaur
             ... wielding a cursed -2 shortbow
              (4 damage)
             ... on level 6 of the Dungeon.
             The game lasted 00:24:45 (11228 turns).

KarmaPolice the Charmwright (Vampire Skald)        Turns: 11228, Time: 00:24:46

Health: -2/61      AC:  4    Str: 11    XL:     8   Next: 21%
Magic:  9/12       EV: 16    Int: 15    God:    Kikubaaqudgha [*.....]
Gold:   281        SH:  0    Dex: 20    Spells: 4 memorised, 5 levels left

rFire  . . .     SeeInvis +     a - +0 falchion
rCold  + . .     Gourm    .     b - +0 leather armour
rNeg   + + .     Faith    .     (no shield)
rPois  +         Spirit   .     (no helmet)
rElec  .         Reflect  .     y - +0 cloak
rCorr  .         Harm     .     (no gloves)
MR     .....                    (no boots)
Stlth  ++++......               (no amulet)
                                (no ring)
                                (no ring)

@: agile, regenerating
A: fangs 3, see invisible, unbreathing
a: Bat Form, Receive Corpses, Renounce Religion


You were on level 6 of the Dungeon.
You worshipped Kikubaaqudgha.
Kikubaaqudgha was aware of your devotion.
You were near bloodless.

You visited 1 branch of the dungeon, and saw 6 of its levels.

You collected 281 gold pieces.

Inventory:

Hand Weapons
 a - a +0 falchion (weapon)
Armour
 b - a +0 leather armour (worn)
 y - a +0 cloak (worn)
Magical Staves
 F - an uncursed staff of cold {unknown}
Jewellery
 p - a cursed ring of teleportation {unknown}
Wands
 t - a wand of polymorph (8/24)
Scrolls
 g - 5 scrolls of remove curse {unknown}
 h - 6 scrolls of identify {unknown}
 k - 3 scrolls of enchant armour {unknown}
 m - 2 scrolls of blinking {unknown}
 n - 5 scrolls of amnesia {unknown}
 q - a scroll of noise {unknown}
 r - a scroll of random uselessness {unknown}
 v - 2 scrolls of teleportation {unknown}
 A - a scroll of magic mapping {unknown}
 H - a scroll of recharging {unknown}
 I - a scroll of silence {unknown}
Potions
 d - 6 potions of blood
 e - a potion of agility
 f - 2 potions of lignification
 i - a potion of degeneration {unknown}
 j - 6 potions of curing {unknown}
 l - 2 potions of brilliance {unknown}
 o - 2 potions of cure mutation {unknown}
 s - a potion of magic {unknown}
 u - 2 potions of beneficial mutation {unknown}
 w - 2 potions of berserk rage {unknown}
 x - 3 potions of cancellation {unknown}
 z - a potion of invisibility {unknown}
 C - a potion of heal wounds {unknown}
 E - a potion of flight {unknown}
Books
 c - a book of Battle

   Spells                             Type                      Level
   a - Infusion                       Charms                       1
   b - Shroud of Golubria             Charms/Translocation         2
   c - Song of Slaying                Charms                       2
   d - Spectral Weapon                Hexes/Charms                 3
   e - Regeneration                   Charms/Necromancy            3
 D - the Reference Book on Sinister Arts and Flight
   (You found it on level 5 of the Dungeon)

   Spells                             Type                      Level
   a - Static Discharge               Conjuration/Air              3
   b - Mephitic Cloud                 Conjuration/Poison/Air       3
   c - Simulacrum                     Ice/Necromancy               6
 J - Kikubaaqudgha's Incunabulum of Black Magic
   (Kikubaaqudgha gifted it to you on level 6 of the Dungeon)

   Spells                             Type                      Level
   a - Pain                           Necromancy                   1
   b - Corpse Rot                     Necromancy                   2
   c - Sublimation of Blood           Necromancy                   2
   d - Regeneration                   Charms/Necromancy            3
   e - Control Undead                 Necromancy                   4


   Skills:
 + Level 4.9 Fighting
 + Level 5.0 Long Blades
 - Level 0.7 Armour
 - Level 1.1 Dodging
 - Level 3.0 Spellcasting
 + Level 6.3 Charms
 + Level 4.2 Necromancy


You had 5 spell levels left.
You knew the following spells:

 Your Spells              Type           Power        Failure   Level  Hunger
a - Infusion              Chrm           ###.         1%          1    #......
b - Shroud of Golubria    Chrm/Tloc      ##........   14%         2    ##.....
c - Song of Slaying       Chrm           ###.....     2%          2    ##.....
d - Regeneration          Chrm/Necr      ###.......   10%         3    ###....


Dungeon Overview and Level Annotations

Branches:
Dungeon (6/15)             Temple (0/1) D:5

Altars:
Dithmenos
Kikubaaqudgha
Nemelex Xobeh

Annotations:
D:2 Terence
D:6 Blork the orc


Innate Abilities, Weirdness & Mutations

You heal slowly.
You have razor-sharp teeth.
You have supernaturally acute eyesight. (SInv)
You can survive without breathing.


Message History

* * * LOW HITPOINT WARNING * * *
You feel agile all of a sudden.
The centaur hits you with an enchanted shortbow.
* * * LOW HITPOINT WARNING * * *
You feel almost devoid of blood!
You barely miss the centaur.
The centaur is heavily wounded.
The centaur hits you with an enchanted shortbow.
* * * LOW HITPOINT WARNING * * *
Casting: Regeneration
Confirm with . or Enter, or press ? or * to list all spells.
Your skin crawls.
The centaur hits you with an enchanted shortbow.
* * * LOW HITPOINT WARNING * * *
The centaur hits you with an enchanted shortbow!
* * * LOW HITPOINT WARNING * * *
It was a potion of lignification.
You feel woody for a moment.
The centaur hits you with an enchanted shortbow.
You die...
Kikubaaqudgha rasps: "You have failed me!
Welcome... oblivion!"

####.###.....F.# #.#.#.
.........####### #.#.#.
####.###.# #.#.#. #.#
#.#.#. #.# #.#.#.
#.##############.#.##
#...........F....#...
.#######################
......c@.(..((..........
########################


You could see a centaur.

Vanquished Creatures
  2 bullfrogs
  2 scorpions (D:4)
  3 howler monkeys
  2 crimson imps (D:6)
  4 orc priests
  A jelly (D:6)
  2 centaur skeletons
  An iguana (D:6)
  Natasha (thrice) (D:3)
  4 orc wizards
  4 worker ants
  A hound zombie (D:6)
  A hound skeleton (D:4)
  3 adders (D:2)
  8 gnolls
  An ooze (D:3)
  An adder skeleton (D:4)
  5 worms
  5 dart slugs
  4 leopard geckos
  18 orcs
  A ball python (D:6)
  A giant cockroach (D:5)
  8 goblins
  8 hobgoblins
  10 jackals
  7 quokkas
  7 bats
  4 frilled lizards (D:2)
  5 kobolds
  27 rats
153 creatures vanquished.

Vanquished Creatures (others)
  4 gnolls (D:3)
  A kobold (D:3)
5 creatures vanquished.

Grand Total: 158 creatures vanquished

Notes
Turn   | Place    | Note
-------+----------+-------------------------------------------
     0 | D:1      | KarmaPolice the Vampire Skald began the quest for the Orb.
     0 | D:1      | Reached XP level 1. HP: 16/16 MP: 3/3
   294 | D:1      | Reached XP level 2. HP: 17/22 MP: 5/5
   318 | D:1      | Learned a level 2 spell: Shroud of Golubria
   321 | D:1      | Learned a level 2 spell: Song of Slaying
   678 | D:2      | Noticed Terence
   974 | D:2      | Reached XP level 3. HP: 27/27 MP: 3/6
  1343 | D:2      | Found a shadowy altar of Dithmenos.
  1916 | D:2      | Reached XP level 4. HP: 24/34 MP: 0/7
  2234 | D:2      | Found a faded altar of an unknown god.
  2545 | D:2      | Learned a level 3 spell: Regeneration
  2574 | D:3      | Noticed Natasha
  3387 | D:3      | Reached skill level 4 in Charms
  4440 | D:2      | Reached XP level 5. HP: 29/40 MP: 2/9
  4783 | D:3      | Killed Natasha
  4783 | D:3      | Reached skill level 1 in Necromancy
  4837 | D:3      | Noticed Natasha
  4844 | D:3      | Killed Natasha
  5091 | D:3      | Noticed Natasha
  5100 | D:3      | Killed Natasha
  5137 | D:3      | Found a sparkling altar of Nemelex Xobeh.
  5184 | D:3      | Reached XP level 6. HP: 47/47 MP: 4/10
  5720 | D:4      | Reached skill level 5 in Charms
  7894 | D:4      | Reached XP level 7. HP: 50/53 MP: 3/11
  7982 | D:4      | Found an ancient bone altar of Kikubaaqudgha.
  7987 | D:4      | Became a worshipper of Kikubaaqudgha
  8080 | D:5      | Entered Level 5 of the Dungeon
  8261 | D:5      | Found a staircase to the Ecumenical Temple.
  8536 | D:5      | Identified the Reference Book on Sinister Arts and Flight
  9745 | D:6      | Reached * piety under Kikubaaqudgha
  9745 | D:6      | Identified Kikubaaqudgha's Incunabulum of Black Magic (Kikubaaqudgha gifted it to you on level 6 of the Dungeon)
  9745 | D:6      | Received a gift from Kikubaaqudgha
 10035 | D:6      | Reached skill level 6 in Charms
 10041 | D:6      | Reached XP level 8. HP: 39/61 MP: 7/12
 10552 | D:6      | Reached skill level 5 in Long Blades
 10873 | D:6      | Noticed Blork the orc
 11227 | D:6      | HP: 1/61 [centaur/enchanted shortbow (8)]
 11228 | D:6      | Slain by a centaur

Skill      XL: |  1  2  3  4  5  6  7  8 |
---------------+-------------------------+-----
Fighting       | 2 3 4 |  4.9
Charms         | 4 5 6 |  6.3
Long Blades    | 3 4 5 |  5.0
Spellcasting   | 3 |  3.0
Necromancy     | 1 2 3 4 |  4.2
Armour         | |  0.7
Dodging        | |  1.1

Action                   |  1- 3 |  4- 6 |  7- 9 || total
-------------------------+-------+-------+-------++-------
Melee: Falchion          |   112 |   211 |   181 ||   504
       Bite              |    12 |    34 |    30 ||    76
       Unarmed           |    14 |    11 |    32 ||    57
 Cast: Infusion          |     6 |    22 |    20 ||    48
       Song of Slaying   |     4 |     6 |     5 ||    15
       Shroud of Golubri |     2 |    12 |     6 ||    20
       Regeneration      |       |     1 |     5 ||     6
 Abil: End Transformatio |     3 |     5 |    10 ||    18
       Bat Form          |     3 |     5 |    10 ||    18
  Use: Potion            |       |     7 |     6 ||    13
 Stab: Sleeping          |     3 |     6 |     2 ||    11
       Distracted        |     1 |       |       ||     1
  Eat: Corpse            |     3 |     6 |     4 ||    13
Armor: Leather armour    |    28 |    44 |    38 ||   110
Dodge: Dodged            |    80 |   128 |   110 ||   318
       Rpst.: Falchion   |    32 |    35 |    26 ||    93
